 Dungeon Crawl Stone Soup version 0.29.1-15-g9cfb28693d (webtiles) character file.

Game seed: 2338347666917242650

46 Artool the Trooper (level 3, 0/29 HPs)
             Began as a Demonspawn Fighter on Apr 11, 2023.
             Succumbed to an orc's poison
             ... on level 2 of the Dungeon.
             The game lasted 00:01:18 (1936 turns).

Artool the Trooper (Demonspawn Fighter)             Turns: 1936, Time: 00:01:19

Health: 0/29       AC:  6    Str: 18    XL:     3   Next: 46%
Magic:  3/3        EV:  9    Int:  9    God:
Gold:   169        SH:  9    Dex: 12    Spells: 2/2 levels left

rFire   . . .      SeeInvis .   m - +0 whip
rCold   . . .      Faith    .   c - +0 buckler
rNeg    . . .      Spirit   .   b - +0 scale mail
rPois   .          Reflect  +   (no helmet)
rElec   .          Harm     .   (no cloak)
rCorr   .          Rampage  .   (no gloves)
Will    .....                   (no boots)
Stlth   ..........              j - amulet of reflection
HPRegen 0.09/turn               (no ring)
MPRegen 0.08/turn               (no ring)

@: lethally poisoned (0 -> -7)
A: demonic magic 1
a: no special abilities


You were on level 2 of the Dungeon.
You visited 1 branch of the dungeon, and saw 3 of its levels.

You collected 169 gold pieces.

Inventory:

Hand Weapons
 a - a +0 flail
 m - a +0 whip (weapon)
Armour
 b - a +0 scale mail (worn)
 c - a +0 buckler (worn)
Jewellery
 j - an amulet of reflection (around neck)
 t - a ring of resist corrosion
Scrolls
 e - 3 scrolls of teleportation {unknown}
 f - 2 scrolls of blinking {unknown}
 h - a scroll of identify {unknown}
 k - a scroll of immolation {unknown}
 l - a scroll of noise {unknown}
 o - 2 scrolls of magic mapping {unknown}
 q - a scroll of enchant weapon {unknown}
Potions
 d - a potion of might
 g - 2 potions of resistance {unknown}
 i - a potion of curing {unknown}
 n - a potion of heal wounds {unknown}
 p - a potion of attraction {unknown}
 r - a potion of degeneration {unknown}
 s - a potion of cancellation {unknown}


   Skills:
 + Level 3.5 Fighting
 + Level 2.3 Maces & Flails
 + Level 3.1 Armour
 - Level 3.0 Shields


You had 2 spell levels left.
You didn't know any spells.
Your spell library contained the following spells:

 Spells                   Type           Power      Damage    Failure   Level
 Freeze                   Ice            0%         1d3       86%         1
 Frozen Ramparts          Ice            0%         1d1       99%         3
 Hailstorm                Conj/Ice       0%         3d3       100%        4


Dungeon Overview and Level Annotations

Branches:
Dungeon (3/15)

Altars:


Innate Abilities, Weirdness & Mutations

Spells you cast may paralyse adjacent enemies.


Message History

A giant cockroach and an orc come into view.
The orc is wielding a +2 dagger of venom.
A ball python comes into view.
The shadow imp puffs mist at you.
A frilled lizard comes into view.
The frilled lizard hisses angrily.
There is a stone staircase leading up here.
The ball python hisses angrily.
The orc hits you with a +2 dagger of venom.
You are poisoned.
You climb upwards.
You feel very sick.
There is a stone staircase leading down here.
You hit the orc but do no damage.
You feel sick. You block the orc's attack.
You hit the orc but do no damage.
You feel sick. The orc barely misses you.
You hit the orc.
The orc is almost dead.
You feel sick. The orc hits you but does no damage.
You are lethally poisoned!
You closely miss the orc.
The orc is almost dead.
You feel very sick.
The orc hits you with a +2 dagger of venom.
* * * LOW HITPOINT WARNING * * *
You are too injured to fight recklessly!
You are too injured to fight recklessly!
You are too injured to fight recklessly!
You hit the orc but do no damage.
The orc is almost dead.
* * * LOW HITPOINT WARNING * * *
You feel sick. You block the orc's attack.
You hit the orc.
You kill the orc!
* * * LOW HITPOINT WARNING * * *
You feel very sick.
* * * LOW HITPOINT WARNING * * *
You feel sick.
Things that are here:
a +2 dagger of venom; a +0 leather armour You die...

....##..# #.#..<#.#.#.###..#.##
....###.# ##.#####.#.......##...
....# #.## #........#.....#......
....# #..# #..#####....##.#######
....# ##.###..........###.# ###
....# #..##.######.#####.#####..
....# ##....###.#............#.#
############........#####.....#.#
#..........)@.............#.#
#.........<....######.#####.#
#####.................#...#####.#
......####+#.#..#...#.#.#.......#
.#########+#....#.....#.#.#####..
.# #......#.........#.#.# #.# .#
#......+.......#.#.#.# #.# .#
#......#######.#.#.#.# #.# ##
#......# #.#.#.#.# #.#


There were no monsters in sight!

Vanquished Creatures
  An adder (D:2)
  A dart slug (D:2)
  An orc (D:2)
  5 endoplasms
  3 giant cockroaches
  3 goblins
  2 hobgoblins
  3 kobolds
  A quokka (D:2)
  A ball python (D:2)
  3 bats
  2 frilled lizards (D:2)
  6 rats
32 creatures vanquished.

Notes
Turn   | Place    | Note
-------+----------+-------------------------------------------
     0 | D:1      | Artool the Demonspawn Fighter began the quest for the Orb.
     0 | D:1      | Reached XP level 1. HP: 18/18 MP: 1/1
   197 | D:1      | Gained mutation: Spells you cast may paralyse adjacent
                  | enemies. [demonic ancestry]
   197 | D:1      | Reached XP level 2. HP: 22/24 MP: 2/2
  1048 | D:2      | Reached XP level 3. HP: 16/29 MP: 3/3
  1686 | D:2      | Found a faded altar of an unknown god.
  1936 | D:2      | Succumbed to an orc's poison

Illustrated notes

Levels and vault maps discovered:
D:1:      nzn_arrival_depleted_hourglass, layout_basic, minmay_heptomino_d4
D:2:      layout_basic, ebering_ecumenical_altar_hall, hangedman_decor_points,
          dk_noncrumbling_3, amcnicky_mini_corridor_feature
D:3:      layout_rooms

Skill      XL: |  1  2 |
---------------+-------+-----
Maces & Flails | 2 |  2.3
Armour         | 3 |  3.1
Shields        | 3 |  3.0
Fighting       | |  3.5

Action                   || total
-------------------------++-------
Melee: Flail             ||    35
       Whip              ||    51
Armor: Scale mail        ||    24
Dodge: Dodged            ||    16
Block: Buckler           ||    23
